 Dungeon Crawl Stone Soup version 0.17-a0-1769-g54adf96 (console) character file.

414 Illiel the Shooter (level 6, -1/40 HPs)
             Began as a High Elf Arcane Marksman on Sept 7, 2015.
             Was an Initiate of Okawaru.
             Killed from afar by Eustachio (4 damage)
             ... with a wand of magic darts
             ... on level 5 of the Dungeon.
             The game lasted 00:27:15 (4726 turns).

Illiel the Shooter (High Elf Arcane Marksman)       Turns: 4726, Time: 00:27:15

Health: -1/40      AC:  6    Str: 10    XL:     6   Next: 60%
Magic:  11/11      EV: 14    Int: 17    God:    Okawaru [......]
Gold:   316        SH:  0    Dex: 21    Spells: 3 memorised, 4 levels left

rFire  . . .     SeeInvis .     a - +0 shortbow
rCold  . . .     Clarity  .     c - +0 leather armour (curse)
rNeg   . . .     SustAt   .     (no shield)
rPois  .         Gourm    .     (no helmet)
rElec  .         Spirit   .     (no cloak)
rCorr  .         Warding  .     p - +0 pair of gloves
rMut   .         Stasis   .     E - +1 pair of boots
MR     .....                    y - amulet of rage
Stlth  ++........               (no ring)
                                v - +4 ring of dexterity

@: not resistant to hostile enchantments, unstealthy
A: no striking features
a: Renounce Religion, Evoke Berserk Rage


You were on level 5 of the Dungeon.
You worshipped Okawaru.
Okawaru was noncommittal.
You were not hungry.

You visited 2 branches of the dungeon, and saw 6 of its levels.
You also visited: Sewer.

You collected 316 gold pieces.

Inventory:

Hand weapons
 a - a +0 shortbow (weapon)
 b - a +0 short sword
Missiles
 x - 16 arrows (quivered)
Armour
 c - a cursed +0 leather armour (worn)
 j - a +0 leather armour
 p - a +0 pair of gloves (worn)
 E - a +1 pair of boots (worn)
Jewellery
 v - a +4 ring of dexterity (left hand)
 y - an amulet of rage (around neck)
Scrolls
 f - a scroll of remove curse
 u - a scroll of enchant armour
 B - a scroll of recharging {unknown}
Potions
 g - a potion of curing
 h - a potion of cure mutation
 l - a potion of agility
 r - a potion of ambrosia {unknown}
 s - a potion of magic
 t - a potion of lignification {unknown}
 w - a potion of degeneration {unknown}
 A - a potion of resistance {unknown}
Books
 d - a book of Debilitation

   Spells                             Type                      Level
   a - Corona                         Hexes                        1
   b - Slow                           Hexes                        2
   c - Gell's Gravitas                Hexes/Translocation          3
   d - Inner Flame                    Hexes/Fire                   3
   e - Cause Fear                     Hexes                        4
   f - Leda's Liquefaction            Hexes/Earth                  4
 D - a book of Annihilations

   Spells                             Type                      Level
   a - Poison Arrow                   Conjuration/Poison           6
   b - Chain Lightning                Conjuration/Air              8
   c - Lehudib's Crystal Spear        Conjuration/Earth            8
   d - Glaciate                       Conjuration/Ice              9
   e - Fire Storm                     Conjuration/Fire             9
Comestibles
 e - 6 bread rations
 i - 4 meat rations
 q - a slice of pizza


   Skills:
 + Level 2.3 Fighting
 * Level 5.4 Bows
 + Level 1.8 Armour
 + Level 3.4 Dodging
 + Level 2.2 Stealth
 + Level 2.9 Spellcasting
 + Level 3.8 Hexes


You had 4 spell levels left.
You knew the following spells:

 Your Spells              Type           Power        Failure   Level  Hunger
a - Corona                Hex            ###....      6%          1    #......
b - Slow                  Hex            ###.....     10%         2    ##.....
c - Inner Flame           Hex/Fire       #.......     34%         3    ###....


Dungeon Overview and Level Annotations

Branches:
Dungeon (5/15)             Temple (1/1) D:4

Altars:
Ashenzari
Cheibriados
Dithmenos
Elyvilon
Fedhas
Kikubaaqudgha
Makhleb
Nemelex Xobeh
Okawaru
Ru
Sif Muna
Trog
Vehumet
Xom
Yredelemnul
Zin

Annotations:
D:4 Grinder, Menkaure, Sigmund
D:5 Eustachio


Message History

You hit Eustachio but do no damage.
Eustachio is lightly wounded.
Eustachio hits you but does no damage.
Your magical contamination has completely faded away.
You hit Eustachio.
Eustachio is lightly wounded.
Eustachio mumbles some strange words.
Eustachio blinks!
a - a +0 shortbow (weapon)
Eustachio zaps a wand.
The magic dart hits you!
* * * LOW HITPOINT WARNING * * *
You are too injured to fight recklessly!
Firing (i - inventory):
x - 17 arrows (quivered)
Press: ? - help, Shift-Dir - straight line, f/p - Eustachio
Aim: Eustachio, wielding a rapier, wearing a leather armour and carrying a wand of magic darts {zapped: 13} (lightly wounded)
You shoot an arrow.
The arrow hits Eustachio but does no damage.
Eustachio is lightly wounded.
Eustachio zaps a wand.
The magic dart hits you!
You die... ∙∙▒∙∙∙▒ ∙ ∙∙∙∙∙∙∙∙∙∙∙ [∙▒▒▒∙▒ ∙∙∙∙∙∙∙∙∙∙∙

∙∙▒ ▒∙▒▒ ▒▒▒▒▒▒▒∙∙∙∙∙ ▒▒▒ ▒∙∙▒
∙∙▒∙▒∙▒∙▒∙▒▒▒▒ ▒▒∙▒▒ ▒▒▒
∙∙▒^▒^▒^▒)∙∙∙▒ ▒∙∙▒
▒∙∙∙▒▒▒▒▒▒▒▒▒∙∙▒∙∙ ▒▒∙▒
▒▒▒▒∙∙∙∙▒$■^∙∙∙∙■∙∙∙∙▒
▒∙▒▒▒▒∙∙∙∙∙▒∙▒▒▒▒▒▒▒▒▒∙▒▒∙▒
▒▒▒∙∙∙∙∙∙∙∙∙∙▒∙∙∙▒^▒^▒^▒∙∙▒∙∙
▒∙∙∙∙∙∙∙∙∙>∙∙▒▒∙∙▒r▒∙▒∙▒∙∙∙▒▒
▒∙∙∙∙∙∙∙∙∙∙∙∙∙∙∙∙▒▒▒▒▒▒▒∙∙∙▒▒
▒▒▒∙∙∙≈≈≈∙∙∙∙∙∙∙▒▒∙∙∙∙∙[∙∙∙▒∙∙∙
▒∙∙∙∙≈≈≈≈≈∙∙∙∙∙∙∙∙∙∙>∙∙∙∙∙∙▒▒▒▒
▒▒▒∙∙∙∙≈≈∙≈≈∙∙∙∙∙∙∙∙∙∙∙∙∙∙∙∙∙∙∙∙∙
∙∙∙∙∙∙∙≈≈≈≈≈∙∙∙∙∙∙▒▒▒▒▒∙∙∙∙∙∙∙∙∙▒
∙∙▒▒▒∙∙∙≈≈≈∙∙∙∙∙∙∙▒▒▒▒∙∙▒▒▒∙∙∙∙∙∙
▒∙▒ ▒∙∙∙∙∙∙∙∙@∙∙@∙∙∙▒▒∙▒▒ ▒▒▒▒∙∙∙
▒∙∙▒▒∙∙∙∙∙∙∙∙∙∙#▒∙▒∙▒▒∙▒ ▒∙∙∙
▒▒∙∙▒∙∙▒▒∙▒∙∙∙∙∙▒∙▒∙▒▒∙▒ ▒∙∙∙
▒∙∙∙▒▒▒∙∙∙∙∙∙∙▒∙▒∙▒▒∙▒ ▒∙∙∙


∙∙∙∙∙∙ ∙∙∙∙∙∙∙∙▒∙▒∙▒▒∙▒ ▒∙∙∙ ∙∙∙∙∙∙▒▒▒∙▒∙∙∙∙∙▒∙▒∙∙∙∙▒ ▒∙∙∙ ∙∙▒▒▒▒▒
▒∙∙∙∙(▒∙∙∙▒∙∙∙∙▒ ▒∙∙∙ ∙▒ ▒▒▒▒▒∙∙∙▒▒▒∙∙∙∙▒ ▒▒∙▒ ▒▒▒▒ ▒∙∙∙∙▒ ▒▒▒ ▒∙∙∙∙▒ ▒∙∙∙∙▒
▒<∙∙∙▒ ▒∙∙∙∙▒ ▒▒▒▒▒▒ You could see Eustachio.

Vanquished Creatures
  Purgy (Sewer)
  An orc priest (D:3)
  An orc wizard (D:5)
  Ijyb (D:3)
  A worker ant (D:5)
  Natasha (thrice) (D:2)
  7 adders
  An ooze (D:2)
  3 worms
  3 giant geckos
  8 orcs
  16 bats
  5 giant cockroaches
  9 goblins
  10 hobgoblins
  A ball python (D:3)
  7 giant newts
  9 kobolds
  6 rats
93 creatures vanquished.

Notes
Turn   | Place    | Note
--------------------------------------------------------------
     0 | D:1      | Illiel the High Elf Arcane Marksman began the quest for the Orb.
     0 | D:1      | Reached XP level 1. HP: 13/13 MP: 3/3
    38 | D:2      | Found a snail-covered altar of Cheibriados.
   152 | D:3      | Reached XP level 2. HP: 13/18 MP: 3/5
   165 | D:3      | Learned a level 2 spell: Slow
   441 | D:2      | Noticed Natasha
   450 | D:2      | Killed Natasha
   450 | D:2      | Reached XP level 3. HP: 8/23 MP: 2/6
   459 | D:2      | Found a radiant altar of Vehumet.
   743 | D:2      | Noticed Natasha
  1160 | D:1      | Reached XP level 4. HP: 27/29 MP: 7/7
  1171 | D:1      | Learned a level 3 spell: Inner Flame
  1514 | D:2      | Reached skill level 4 in Bows
  1878 | D:2      | Killed Natasha
  1967 | D:2      | Noticed Natasha
  1972 | D:2      | Killed Natasha
  2026 | D:3      | Found a basalt altar of Yredelemnul.
  2026 | D:3      | Found a blossoming altar of Fedhas.
  2030 | D:3      | Noticed an orc priest
  2461 | D:3      | Reached skill level 1 in Armour
  3000 | D:3      | Killed an orc priest
  3000 | D:3      | Reached skill level 1 in Stealth
  3000 | D:3      | Reached XP level 5. HP: 15/34 MP: 5/9
  3124 | D:3      | Noticed Ijyb
  3335 | D:3      | Killed Ijyb
  3449 | D:4      | Noticed Menkaure
  3551 | D:4      | Noticed Grinder
  3584 | D:5      | Entered Level 5 of the Dungeon
  3638 | D:5      | Noticed a yak
  3867 | D:5      | Noticed a phantom
  3911 | D:5      | Reached XP level 6. HP: 32/39 MP: 8/10
  4063 | D:5      | Reached skill level 5 in Bows
  4109 | D:5      | Noticed an ogre
  4160 | D:5      | Found a glowing drain.
  4192 | Sewer    | Entered a sewer
  4251 | Sewer    | Noticed Purgy
  4313 | Sewer    | Killed Purgy
  4454 | D:4      | Noticed Sigmund
  4471 | D:4      | Found a staircase to the Ecumenical Temple.
  4480 | Temple   | Entered the Ecumenical Temple
  4496 | Temple   | Became a worshipper of Warmaster Okawaru
  4647 | D:5      | Noticed Eustachio
  4726 | D:5      | Killed from afar by Eustachio

Vault maps used:
D:1:      erik_arrival_triangle_large
D:2:      vehumet_crystals, cheibriados_altar_1, uniq_natasha
D:3:      grunt_temple_overflow_open, first_bread, uniq_iyjb
D:4:      lemuel_doored_altar, minmay_temple_entry_statues_fountains,
          mrwooster_statue_mirror, uniq_sigmund, uniq_menkaure, uniq_grinder
D:5:      portal_sewer_entry_a, grunt_tough_drop, uniq_eustachio
Temple:   jpeg_temple_clearing_12
Sewer:    sewer_big_baddie

Action                   |  1- 3 |  4- 6 || total
-------------------------+-------+-------++-------
Melee: Short sword       |       |   226 ||   226
 Fire: Shortbow          |    95 |   127 ||   222
 Cast: Corona            |     8 |    18 ||    26
       Slow              |     3 |    18 ||    21
  Use: Potion            |       |     9 ||     9
       Scroll            |       |    13 ||    13
 Stab: Invisible         |       |     3 ||     3
  Eat: Chunk             |     1 |    13 ||    14
